 Dungeon Crawl Stone Soup version 0.21-a0-404-g291f19a (webtiles) character file.

11 firefreeman the Cudgeler (level 2, 0/27 HPs)
             Began as a Minotaur Berserker on Oct 26, 2017.
             Was a Follower of Trog.
             Slain by a gnoll
             ... wielding a +0 whip
              (9 damage)
             ... on level 1 of the Dungeon.
             The game lasted 00:01:27 (281 turns).

firefreeman the Cudgeler (Minotaur Berserker)        Turns: 281, Time: 00:01:28

Health: 0/27       AC:  2    Str: 21    XL:     2   Next: 13%
Magic:  1/1        EV: 12    Int:  4    God:    Trog [*.....]
Gold:   4          SH:  0    Dex:  9    Spells: 1/1 levels left

rFire    . . .     SeeInvis .   a - +0 mace
rCold    . . .     Gourm    .   (no shield)
rNeg     . . .     Faith    .   b - +0 animal skin
rPois    .         Spirit   .   (helmet restricted)
rElec    .         Reflect  .   (no cloak)
rCorr    .         Harm     .   (no gloves)
MR       .....                  (no boots)
Stlth    +.........             (no amulet)
HPRegen  0.09/turn              (no ring)
MPRegen  0.07/turn              (no ring)

@: no status effects
A: retaliatory headbutt, horns 2
a: Berserk, Burn Spellbooks, Renounce Religion


You were on level 1 of the Dungeon.
You worshipped Trog.
Trog was aware of your devotion.
You were not hungry.

You visited 1 branch of the dungeon, and saw 1 of its levels.

You collected 4 gold pieces.

Inventory:

Hand Weapons
 a - a +0 mace (weapon)
Missiles
 f - 29 stones (quivered)
Armour
 b - a +0 animal skin (worn)
Scrolls
 d - 2 scrolls of amnesia {unknown}
Potions
 e - 2 potions of heal wounds {unknown}
 h - a potion of haste {unknown}
Comestibles
 c - a bread ration
 g - a chunk of flesh


   Skills:
 - Level 3.8 Fighting
 + Level 4.2 Maces & Flails
 - Level 2.5 Armour
 - Level 2.2 Dodging


You had one spell level left.
You didn't know any spells.

Dungeon Overview and Level Annotations

Branches:
Dungeon (1/15)

Altars:


Innate Abilities, Weirdness & Mutations

You reflexively headbutt those who attack you in melee.
You have a pair of horns on your head.


Message History

As you open the door, it creaks loudly!
A gnoll comes into view. It is wielding a whip.
The gnoll shouts!
There is an open door here.
You barely miss the gnoll. The gnoll hits you with a whip.
You hit the gnoll.
The gnoll is heavily wounded.
The gnoll closely misses you.
You barely miss the gnoll.
The gnoll is heavily wounded.
The gnoll hits you with a whip! The gnoll hits you with a whip.
You hit the gnoll but do no damage. Your headbutt misses the gnoll.
The gnoll is heavily wounded.
The gnoll hits you with a whip!
You are too injured to fight recklessly!
You are too injured to fight recklessly!
You hit the gnoll.
The gnoll is severely wounded.
The gnoll hits you with a whip!
You die...

..................##...
#.......###.............
#.......# #.............
#.......# #.............
#.......# #.............
#.......# #.............
#.......###.............
#.......'...............
#.....g@#############...
#.......# #### #.......#
#.......# ##.###+## #


You could see a gnoll.

Vanquished Creatures
  A bat (D:1)
  2 goblins (D:1)
  2 hobgoblins (D:1)
  2 kobolds (D:1)
  3 rats (D:1)
10 creatures vanquished.

Notes
Turn   | Place    | Note
-------+----------+-------------------------------------------
     0 | D:1      | firefreeman the Minotaur Berserker began the quest for the Orb.
     0 | D:1      | Reached XP level 1. HP: 19/19 MP: 0/0
   228 | D:1      | Reached skill level 4 in Maces & Flails
   229 | D:1      | Reached XP level 2. HP: 27/27 MP: 1/1
   281 | D:1      | Slain by a gnoll

Vault maps used:
D:1:      dpeg_arrival_chase, minmay_shallow_snake_nest

Skill      XL: |  1 |
---------------+----+-----
Maces & Flails | 4 |  4.2
Fighting       | |  3.8
Armour         | |  2.5
Dodging        | |  2.2

Action                   || total
-------------------------++-------
Melee: Mace              ||    17
       Headbutt          ||     2
Armor: Animal skin       ||     5
Dodge: Dodged            ||    14

Table legend:
 A = Spawn XP
 B = Non-spawn XP
 C = Spawn XP percentage of total XP
 D = Spawn monster count
 E = Non-spawn monster count
 F = Spawn count percentage of total count
 G = Total turns spent on level
                    A         B        C        D         E        F      G
               +---------+---------+-------+---------+---------+-------+---------
         Total |       0 |      16 |   0.0 |       0 |      10 |   0.0 |   281
               +---------+---------+-------+---------+---------+-------+---------
           D:1 |       0 |      16 |   0.0 |       0 |      10 |   0.0 |   281
               +---------+---------+-------+---------+---------+-------+---------
